 Dungeon Crawl Stone Soup version 0.25.0-9-g26727b657a (webtiles) character file.

Game seed: 1700337751196773047

2916 Delamore the Basher (level 9, 0/56 HPs)
             Began as a Gargoyle Fighter on June 20, 2020.
             Was a Believer of Okawaru.
             Slain by a hornet (8 damage)
             ... on level 6 of the Dungeon.
             The game lasted 00:10:22 (7555 turns).

Delamore the Basher (Gargoyle Fighter)              Turns: 7555, Time: 00:10:22

Health: 0/56       AC: 27    Str: 23    XL:     9   Next: 78%
Magic:  18/18      EV:  5    Int: 18    God:    Okawaru [**....]
Gold:   386        SH:  9    Dex:  9    Spells: 8/8 levels left

rFire    + . .     SeeInvis .   A - +0 flail (protect)
rCold    . . .     Gourm    .   c - +0 kite shield
rNeg     + . .     Faith    .   I - +2 chain mail {rF+}
rPois    ∞         Spirit   .   (no helmet)
rElec    +         Reflect  .   (no cloak)
rCorr    .         Harm     .   u - +1 pair of gloves
MR       +....                  z - +0 pair of boots
Stlth    ..........             q - amulet of the acrobat
HPRegen  0.18/turn              t - ring "Saal" {+Fly MR+ Int+7}
MPRegen  0.16/turn              k - ring of magical power

@: protection aura
A: big wings, clever 1, negative energy resistance 1, robust 1, electricity
resistance, unbreathing, evolution 1, petrification resistance, rot immunity, AC
+6
a: Fly, Heroism, Renounce Religion, Evoke Flight


You were on level 6 of the Dungeon.
You worshipped Okawaru.
Okawaru was pleased with you.
You were not hungry.

You visited 1 branch of the dungeon, and saw 7 of its levels.
You also visited: Ossuary.

You collected 386 gold pieces.

Inventory:

Hand Weapons
 a - a +0 flail
 w - a +0 morningstar
 A - a +0 flail of protection (weapon)
Missiles
 o - 8 atropa-tipped darts
 x - 26 poisoned darts (quivered)
Armour
 c - a +0 kite shield (worn)
 u - a +1 pair of gloves (worn)
 z - a +0 pair of boots (worn)
 I - a +2 chain mail of fire resistance (worn)
Jewellery
 k - a ring of magical power (right hand)
 q - an amulet of the acrobat (around neck)
 t - the ring "Saal" (left hand) {+Fly MR+ Int+7}
   (You found it on level 6 of the Dungeon)

   [ring of flight]

   It affects your intelligence (+7).
   It affects your resistance to hostile enchantments.
   It lets you fly.
Wands
 H - a wand of polymorph (1)
Scrolls
 b - 2 scrolls of identify
 h - 4 scrolls of fog {unknown}
 l - 4 scrolls of amnesia
 m - 4 scrolls of enchant armour
 n - a scroll of remove curse
 p - 2 scrolls of magic mapping
 r - 2 scrolls of immolation {unknown}
 y - a scroll of noise {unknown}
 B - 2 scrolls of fear {unknown}
 C - 3 scrolls of teleportation
 E - 3 scrolls of enchant weapon {unknown}
Potions
 d - 3 potions of might
 e - 5 potions of curing
 g - a potion of haste {unknown}
 i - 6 potions of brilliance
 s - a potion of stabbing {unknown}
 v - 2 potions of mutation
 D - a potion of lignification
 F - 2 potions of degeneration {unknown}
 G - a potion of flight
Comestibles
 f - 11 rations
 j - a chunk of flesh


   Skills:
 - Level 3.2 Fighting
 + Level 12.9 Maces & Flails
 - Level 3.2 Armour
 - Level 3.2 Shields


You had 8 spell levels left.
You didn't know any spells.
Your spell library was empty.

Dungeon Overview and Level Annotations

Branches:
Dungeon (7/15)             Temple (0/1) D:6         Ossuary (visited)

Altars:
Ashenzari
Elyvilon
Makhleb
Okawaru
Ru
Trog
Vehumet
Zin


Innate Abilities, Weirdness & Mutations

You are resistant to torment.
Your stone body is resilient. (AC +6)
You are immune to poison.
You resist negative energy. (rN+)
You are resistant to electric shocks. (rElec)
You can survive without breathing.
You are immune to petrification.
You are immune to rotting.
Your large and strong wings let you fly indefinitely.
Your mind is acute. (Int +2)
You are robust. (+10% HP)
You evolve.


Message History

You closely miss the hornet. The hornet barely misses you.
You closely miss the hornet.
The hornet stings you but does no damage.
You closely miss the hornet. You block the hornet's attack.
You hit the hornet but do no damage. The hornet stings you.
You block the hornet's attack.
You closely miss the hornet.
The hornet stings you but does no damage.
You closely miss the hornet. The hornet stings you!
* * * LOW HITPOINT WARNING * * *
You sock the hornet!
The hornet is moderately wounded.
The hornet stings you but does no damage.
You hit the hornet.
The hornet is heavily wounded.
You block the hornet's attack.
You closely miss the hornet.
The hornet is heavily wounded.
The hornet stings you!
You die...

...................#.###..[...#..
................................#
....................#.....#.....#
...........##.......####.###....#
..............#..................
##......##....##.##..............
#.......##......##......<........
#....#..#..#.....#.#.............
######..#.......@y...............
#..........†....###.###......
#................#####....##.
########.........##.......#..
#.#.......##.......#..
####..............####
#...#....#......#
#...#######....## #..## ###.##


You could see a hornet.

Vanquished Creatures
  Grinder (D:5)
  Sigmund (D:2)
  Menkaure (D:7)
  2 phantoms
  An ice beast (D:7)
  2 orc warriors (D:5)
  2 necrophages
  A centaur (D:5)
  2 ogres (D:5)
  A bullfrog (D:6)
  A wyvern skeleton (D:6)
  2 scorpions
  3 killer bees (D:7)
  A howler monkey (D:4)
  2 crimson imps
  A bullfrog zombie (D:7)
  A jelly (D:6)
  3 hounds
  A human zombie (Ossuary)
  10 orc priests
  3 orc wizards
  An iguana (D:5)
  A statue (D:5)
  5 worker ants
  2 hound zombies (Ossuary)
  4 mummies (Ossuary)
  2 hound skeletons
  4 gnolls (D:5)
  8 adders
  A shadow imp (D:5)
  An adder skeleton (D:5)
  2 adder zombies
  3 worms
  A dart slug (D:2)
  3 leopard geckos
  31 orcs
  2 ball pythons
  4 giant cockroaches
  2 gnoll zombies (Ossuary)
  4 hobgoblins
  14 jackals
  4 quokkas
  6 bats
  7 frilled lizards
  7 goblins
  2 goblin zombies (Ossuary)
  A hobgoblin zombie (Ossuary)
  2 kobold zombies (Ossuary)
  An orc zombie (Ossuary)
  14 rats
181 creatures vanquished.

Notes
Turn   | Place    | Note
-------+----------+-------------------------------------------
     0 | D:1      | Delamore the Gargoyle Fighter began the quest for the Orb.
     0 | D:1      | Reached XP level 1. HP: 14/14 MP: 1/1
   571 | D:1      | Reached XP level 2. HP: 19/19 MP: 2/2
   590 | D:1      | Reached skill level 3 in Maces & Flails
  1193 | D:2      | Reached XP level 3. HP: 22/23 MP: 3/3
  1255 | D:2      | Found a white marble altar of Elyvilon.
  1565 | D:2      | Reached skill level 4 in Maces & Flails
  1662 | D:2      | Noticed Sigmund
  1672 | D:2      | Killed Sigmund
  1672 | D:2      | Reached skill level 5 in Maces & Flails
  1672 | D:2      | Reached XP level 4. HP: 18/28 MP: 4/4
  1672 | D:2      | Reached XP level 5. HP: 21/32 MP: 5/5
  2082 | D:3      | Reached skill level 6 in Maces & Flails
  2082 | D:3      | Reached XP level 6. HP: 22/37 MP: 6/6
  2514 | D:3      | Noticed a phantom
  2562 | D:3      | Killed a phantom
  2562 | D:3      | Reached skill level 7 in Maces & Flails
  2562 | D:3      | Reached XP level 7. HP: 41/41 MP: 7/7
  2916 | D:3      | Found a faded altar of an unknown god.
  3020 | D:3      | Found a burning altar of Makhleb.
  3020 | D:3      | Found a sacrificial altar of Ru.
  3315 | D:4      | Reached skill level 8 in Maces & Flails
  3781 | D:5      | Entered Level 5 of the Dungeon
  3892 | D:5      | Found an iron altar of Okawaru.
  3914 | D:5      | Became a worshipper of Warmaster Okawaru
  3978 | D:5      | Found a sand-covered staircase.
  4021 | Ossuary  | Entered an ossuary
  4059 | Ossuary  | Reached skill level 9 in Maces & Flails
  4059 | Ossuary  | Reached XP level 8. HP: 36/46 MP: 8/8
  4725 | D:5      | Reached skill level 10 in Maces & Flails
  4786 | D:5      | Found a radiant altar of Vehumet.
  4901 | D:5      | Reached * piety under Okawaru
  4918 | D:5      | Noticed Grinder
  4934 | D:5      | Paralysed by Grinder for 7 turns
  4949 | D:5      | Killed Grinder
  5215 | D:5      | Noticed a moth of wrath
  5217 | D:5      | Found a bloodstained altar of Trog.
  5688 | D:5      | Found a shattered altar of Ashenzari.
  5806 | D:6      | Reached skill level 11 in Maces & Flails
  6029 | D:5      | Reached XP level 9. HP: 42/51 MP: 9/9
  6163 | D:6      | Found a staircase to the Ecumenical Temple.
  6215 | D:6      | Found a glowing silver altar of Zin.
  6250 | D:6      | Got a sparkling tin ring
  6537 | D:5      | Identified the ring "Saal" {+Fly MR+ Int+7} (You found it
                  | on level 6 of the Dungeon)
  6556 | D:5      | Reached ** piety under Okawaru
  6562 | D:6      | Reached skill level 12 in Maces & Flails
  6697 | D:6      | Gained mutation: Your flesh is cold resistant. (rC+)
                  | [potion of mutation]
  6697 | D:6      | Gained mutation: You are somewhat resistant to further
                  | mutation. [potion of mutation]
  6697 | D:6      | Gained mutation: Your spells are a little harder to cast,
                  | but a little more powerful. [potion of mutation]
  6883 | D:7      | Lost mutation: Your flesh is cold resistant. (rC+) [potion
                  | of mutation]
  6883 | D:7      | Lost mutation: Your spells are a little harder to cast, but
                  | a little more powerful. [potion of mutation]
  6883 | D:7      | Lost mutation: You are somewhat resistant to further
                  | mutation. [potion of mutation]
  6883 | D:7      | Gained mutation: Your mind is acute. (Int +2) [potion of
                  | mutation]
  6883 | D:7      | Gained mutation: You are robust. (+10% HP) [potion of
                  | mutation]
  6883 | D:7      | Gained mutation: You evolve. [potion of mutation]
  7152 | D:7      | Noticed Menkaure
  7157 | D:7      | Killed Menkaure
  7476 | D:7      | Gained mutation: Your large and strong wings let you fly
                  | indefinitely. [evolution]
  7485 | D:7      | Noticed a hornet
  7555 | D:6      | Slain by a hornet

Illustrated notes

Levels and vault maps discovered:
D:1:      dpeg_arrival_circle_labyrinth_c, layout_basic
D:2:      layout_loops_ring, nicolae_overflow_crystal_walls, uniq_sigmund
D:3:      layout_loops_cross, gammafunk_temple_overflow_wave, first_ration,
          chequers_ecumenical_altar_grove
D:4:      layout_rooms, kennysheep_generic_room_11
D:5:      layout_cave_pods, kennysheep_little_box, tgw_trog,
          overflow_temple_1_default, vehumet_statue, enter_ossuary_1,
          st_stairs_3, uniq_grinder
D:6:      layout_cave_pools, lemuel_round_altar,
          minmay_temple_entry_statues_fountains
D:7:      minmay_general_purpose_star, layout_layer_cave, grunt_ogre_cave,
          kennysheep_potato, uniq_menkaure

Skill      XL: |  1  2  3  4  5  6  7  8  9 |
---------------+----------------------------+-----
Maces & Flails | 3 5 6 7 9 11 12 | 12.9
Fighting       | |  3.2
Armour         | |  3.2
Shields        | |  3.2

Action                   |  1- 3 |  4- 6 |  7- 9 || total
-------------------------+-------+-------+-------++-------
Melee: Flail             |   112 |    81 |   651 ||   844
       Morningstar       |    55 |    56 |       ||   111
       Unarmed           |       |       |    12 ||    12
Throw: Dart              |     1 |       |    10 ||    11
Invok: Heroism           |       |       |     2 ||     2
  Use: Scroll            |       |       |    13 ||    13
       Potion            |       |       |     7 ||     7
  Eat: Chunk             |     3 |     3 |    17 ||    23
Armor: Scale mail        |   105 |    12 |       ||   117
       Chain mail        |       |    83 |   602 ||   685
Dodge: Dodged            |    58 |    28 |   279 ||   365
Block: Kite shield       |    96 |    70 |   404 ||   570
